 Dungeon Crawl Stone Soup version 0.20-a0-739-g6bb112f (webtiles) character file.

630 polly the Shield-Bearer (level 7, 0/43 HPs)
             Began as a Gargoyle Fighter on Feb 25, 2017.
             Killed by divine providence
             ... invoked by an orc priest
              (9 damage)
             ... on level 4 of the Dungeon.
             The game lasted 00:04:28 (3010 turns).

polly the Shield-Bearer (Gargoyle Fighter)          Turns: 3010, Time: 00:04:29

Health: 0/43       AC: 18    Str: 20    XL:     7   Next: 48%
Magic:  7/7        EV:  4    Int:  8    God:
Gold:   298        SH: 10    Dex: 11    Spells: 6/6 levels left

rFire    . . .     SeeInvis .   a - +0 flail
rCold    . . .     Gourm    .   q - +0 plate armour
rNeg     + . .     Faith    +   c - +0 shield
rPois    ∞         Spirit   .   B - +0 hat
rElec    +         Reflect  .   (no cloak)
rCorr    .         Harm     .   (no gloves)
MR       .....                  (no boots)
Stlth    ..........             y - amulet of faith
Regen    0.2/turn               u - +3 ring of slaying
MPRegen  0.1/turn               t - +2 ring of protection

@: very slightly contaminated, hasted, very quick
A: negative energy resistance 1, electricity resistance, unbreathing,
petrification resistance, rot immunity, AC +4
a: no special abilities


You were on level 4 of the Dungeon.
You were hungry.

You visited 1 branch of the dungeon, and saw 4 of its levels.

You collected 298 gold pieces.

Inventory:

Hand Weapons
 a - a +0 flail (weapon)
Armour
 c - a +0 shield (worn)
 q - a +0 plate armour (worn)
 B - a +0 hat (worn)
Jewellery
 t - a +2 ring of protection (left hand)
 u - a +3 ring of slaying (right hand)
 y - an amulet of faith (around neck)
Wands
 p - a wand of iceblast (8/15)
 r - a wand of random effects (21/48)
Scrolls
 i - 4 scrolls of identify {unknown}
 k - a scroll of blinking {unknown}
 l - 2 scrolls of enchant weapon {unknown}
 o - a scroll of immolation {unknown}
 v - 2 scrolls of remove curse {unknown}
 w - a scroll of random uselessness {unknown}
 x - a scroll of teleportation {unknown}
 z - a scroll of noise {unknown}
Potions
 b - a potion of berserk rage {unknown}
 d - 2 potions of might
 e - a potion of ambrosia {unknown}
 h - 2 potions of haste
 j - a potion of curing
 n - a potion of brilliance {unknown}
 A - a potion of resistance {unknown}
Comestibles
 f - 2 bread rations
 g - 3 royal jellies
 m - 2 meat rations
 s - 4 fruits


   Skills:
 + Level 4.1 Fighting
 + Level 5.3 Maces & Flails
 + Level 4.3 Armour
 + Level 1.1 Dodging
 + Level 0.5 Stealth
 + Level 5.9 Shields


You had 6 spell levels left.
You didn't know any spells.

Dungeon Overview and Level Annotations

Branches:
Dungeon (4/15)
 Temple: D:4-7

Altars:
Ashenzari
Dithmenos
Gozag
Hepliaklqana
Wu Jian
Xom
The Shining One


Innate Abilities, Weirdness & Mutations

You are resistant to torment.
Your stone body is resilient. (AC +4)
You are immune to poison.
You resist negative energy. (rN+)
You are resistant to electric shocks. (rElec)
You can survive without breathing.
You are immune to petrification.
You are immune to rotting.


Message History

The orc priest looks braver for a moment.
The orc wizard hits you but does no damage.
The orc wizard points at you and mumbles some strange words.
The puff of frost hits you!
The orc wizard gestures at you while chanting.
The puff of flame hits you!
* * * LOW HITPOINT WARNING * * *
The orc priest calls down the wrath of Beogh upon you.
You struggle to resist.
The orc wizard miscasts a cantrip.
The orc wizard points at you and mumbles some strange words.
The puff of frost hits you!
* * * LOW HITPOINT WARNING * * *
It was a potion of haste.
You feel yourself speed up.
The orc wizard hits you but does no damage.
You are very lightly contaminated with residual magic.
It was a potion of curing.
You feel better. You block the orc wizard's attack.
The orc priest invokes the aid of Beogh against you.
Beogh smites you!
You die...

.##.###.# ###...
##..###.# ####....
#.......# #.......
.....#..# #.##o#.#
....##..# #.##.#o#
....##..# #.##.#.#
####....# #.##.#.#
.....##.##########.##.#.#
[...............@.o.oo..#
.....##.###.......o...###
....###.# #.###########
#...# #.# #.# ##..#
#.###.# .##.# #.....#
..### ####### ###


You could see 2 orc priests, an orc wizard and an orc.

Vanquished Creatures
  Grinder (D:3)
  The ghost of Shinore the Magician, an amateur DEWz (D:3)
  A hound (D:4)
  Jessica (D:2)
  A bullfrog skeleton (D:4)
  Ijyb (D:2)
  3 worker ants (D:4)
  An iguana (D:4)
  Robin (D:2)
  6 adders
  An ooze (D:4)
  6 dart slugs
  4 leopard geckos
  2 ball pythons
  A giant cockroach (D:2)
  19 goblins
  12 hobgoblins
  4 bats
  7 frilled lizards
  8 kobolds
  9 rats
  A butterfly (D:2)
91 creatures vanquished.

Notes
Turn   | Place    | Note
-------+----------+-------------------------------------------
     0 | D:1      | polly the Gargoyle Fighter began the quest for the Orb.
     0 | D:1      | Reached XP level 1. HP: 14/14 MP: 1/1
    91 | D:1      | Reached XP level 2. HP: 19/19 MP: 2/2
   375 | D:1      | Reached XP level 3. HP: 23/23 MP: 3/3
   865 | D:2      | Found a hazy altar of Hepliaklqana.
  1162 | D:2      | Noticed Jessica
  1168 | D:2      | Found a shadowy altar of Dithmenos.
  1181 | D:2      | Noticed Ijyb
  1203 | D:2      | Killed Ijyb
  1203 | D:2      | Reached XP level 4. HP: 23/28 MP: 4/4
  1256 | D:2      | Found a shimmering altar of Xom.
  1362 | D:2      | Found an ornate altar of the Wu Jian Council.
  1430 | D:2      | Noticed Robin
  1478 | D:2      | Killed Robin
  1478 | D:2      | Reached XP level 5. HP: 32/32 MP: 5/5
  1565 | D:2      | Killed Jessica
  1788 | D:3      | Reached skill level 1 in Dodging
  1827 | D:3      | Noticed Shinore's ghost (amateur DEWz)
  1841 | D:3      | Killed Shinore's ghost
  1870 | D:3      | Reached XP level 6. HP: 29/38 MP: 6/6
  1963 | D:3      | Noticed Grinder
  1963 | D:3      | Reached skill level 5 in Shields
  1980 | D:3      | Paralysed by Grinder for 5 turns
  1986 | D:3      | Killed Grinder
  1986 | D:3      | Reached XP level 7. HP: 34/43 MP: 7/7
  2194 | D:3      | Found an opulent altar of Gozag.
  2464 | D:4      | Found a glowing golden altar of the Shining One.
  2500 | D:4      | Reached skill level 5 in Maces & Flails
  2783 | D:4      | Found a shattered altar of Ashenzari.
  3006 | D:4      | HP: 1/43 [orc wizard/puff of frost (5)]
  3010 | D:4      | Killed from afar by an orc priest

Vault maps used:
D:1:      ncdulo_lavacross, minmay_tromino_i4
D:2:      lemuel_doored_altar, xom_butterflies, overflow_temple_1_default,
          lemuel_tele_altar, uniq_iyjb, uniq_jessica, uniq_robin
D:3:      nicolae_gozag_cash_rules_everything_around_me, serial_bayou_ford_a,
          uniq_grinder
D:4:      nicolae_tso_carved_into_rock, nicolae_ashenzari_panopticon,
          first_bread, kennysheep_generic_room_7

Skill      XL: |  1  2  3  4  5  6  7 |
---------------+----------------------+-----
Shields        | 4 5 |  5.9
Maces & Flails | 3 4 5 |  5.3
Dodging        | 1 |  1.1
Fighting       | 4 |  4.1
Armour         | 4 |  4.3
Stealth        | |  0.5

Action                   |  1- 3 |  4- 6 |  7- 9 || total
-------------------------+-------+-------+-------++-------
Melee: Flail             |   159 |   153 |    68 ||   380
  Use: Potion            |       |       |     2 ||     2
  Eat: Chunk             |     1 |     3 |     3 ||     7
Armor: Scale mail        |    77 |       |       ||    77
       Plate armour      |    13 |   100 |    38 ||   151
Dodge: Dodged            |    54 |    27 |     7 ||    88
Block: Shield            |    75 |    81 |    33 ||   189
